 Dungeon Crawl Stone Soup version 0.18.1-8-gdd0e5ea (webtiles) character file.

181 Northaan the Skirmisher (level 5, 0/50 HPs)
             Began as a Hill Orc Abyssal Knight on May 21, 2016.
             Was a Believer of Lugonu.
             Slain by a centaur skeleton (5 damage)
             ... on level 4 of the Dungeon.
             The game lasted 00:06:50 (4221 turns).

Northaan the Skirmisher (Hill Orc Abyssal Knight)   Turns: 4221, Time: 00:06:50

Health: 0/50       AC:  4    Str: 16    XL:     5   Next: 61%
Magic:  6/6        EV: 11    Int: 12    God:    Lugonu [**....]
Gold:   208        SH:  0    Dex: 10    Spells: 0 memorised, 4 levels left

rFire  . . .     SeeInvis .     n - +0 war axe
rCold  . . .     Gourm    .     b - +0 leather armour
rNeg   . . .     Faith    .     (no shield)
rPois  .         Spirit   .     (no helmet)
rElec  .         Dismiss  .     (no cloak)
rCorr  .         Reflect  .     j - +0 pair of gloves
SustAt .         Harm     .     (no boots)
MR     .....                    (no amulet)
Stlth  +.........               (no ring)
                                (no ring)

@: not resistant to hostile enchantments, very unstealthy
A: no striking features
a: Depart the Abyss, Bend Space, Renounce Religion


You were on level 4 of the Dungeon.
You worshipped Lugonu.
Lugonu was pleased with you.
You were very hungry.

You visited 1 branch of the dungeon, and saw 5 of its levels.
You visited the Abyss 1 time.

You collected 208 gold pieces.

Inventory:

Hand Weapons
 a - a +1 hand axe
 n - a +0 war axe (weapon)
Missiles
 w - 8 tomahawks (quivered)
Armour
 b - a +0 leather armour (worn)
 j - a +0 pair of gloves (worn)
Jewellery
 m - an uncursed ring of ice {unknown}
 s - an uncursed ring of ice {unknown}
Wands
 t - a wand of flame (13/48)
Scrolls
 e - 3 scrolls of remove curse {unknown}
 f - a scroll of random uselessness {unknown}
 k - a scroll of fear {unknown}
 l - 6 scrolls of identify {unknown}
 q - a scroll of magic mapping {unknown}
 r - a scroll of fog {unknown}
 v - a scroll of recharging {unknown}
Potions
 g - 2 potions of curing {unknown}
 h - a potion of degeneration {unknown}
 i - a potion of haste {unknown}
 o - a potion of mutation {unknown}
Comestibles
 c - 4 bread rations
 p - a royal jelly
 u - 2 meat rations


   Skills:
 + Level 6.0 Fighting
 * Level 5.2 Axes
 - Level 2.1 Armour
 - Level 0.7 Dodging
 - Level 2.5 Invocations


You had 4 spell levels left.
You didn't know any spells.

Dungeon Overview and Level Annotations

Branches:
Dungeon (5/15)
 Temple: D:4-7

Altars:
Gozag
Okawaru
Pakellas
Qazlal
Ru
Vehumet
Xom
Zin

Annotations:
D:4 Menkaure


Message History

You hit the gnoll.
The gnoll is heavily wounded.
The gnoll hits you from afar with a spear!
The gnoll hits you with a club. The gnoll hits you with a whip.
* * * LOW HITPOINT WARNING * * *
The gnoll hits you from afar with a spear.
* * * LOW HITPOINT WARNING * * *
Unknown command.
The gnoll hits you with a club.
* * * LOW HITPOINT WARNING * * *
There is a stone staircase leading up here.
The gnoll closely misses you.
You climb upwards.
Level annotation: Menkaure Menkaure calls on the powers of darkness!
The gnoll convulses!
Your body is wracked with pain!
* * * LOW HITPOINT WARNING * * *
There is a stone staircase leading down here.
The centaur skeleton hits you.
You die...

..# #.# ##.# .#.# .#.#
.#.# .#.#
.#.################
................@>###
##..###.######...Zg.##
....###.####
#.##....###
###.#<.....#
#.#..#....###
.....##.##.#
#...###.....##
###..##.##.# #..#
##M.āŒ ..#
.....##.##.#
##..##+......#
.###.##.##.#
##..#..PP..##
.###.##.##.#
#...Pā‰ˆā‰ˆ...#


You could see Menkaure, a gnoll and a centaur skeleton.

Vanquished Creatures
  A scorpion (D:4)
  3 adders
  An ooze (D:2)
  An adder skeleton (D:4)
  A worm (D:3)
  2 dart slugs (D:1)
  4 giant geckos
  2 orcs
  6 bats
  4 giant cockroaches
  8 goblins
  9 hobgoblins
  7 jackals
  10 kobolds
  A quokka (D:4)
  3 ball pythons
  A giant gecko skeleton (D:4)
  6 giant newts
  11 rats
81 creatures vanquished.

Notes
Turn   | Place    | Note
--------------------------------------------------------------
     0 | Abyss:1  | Northaan the Hill Orc Abyssal Knight began the quest for the Orb.
     0 | Abyss:1  | Reached XP level 1. HP: 19/19 MP: 2/2
    66 | Abyss:1  | Found a corrupted altar of Lugonu.
   135 | Abyss:2  | Found an iron altar of Okawaru.
   169 | Abyss:2  | Noticed a large abomination
   173 | Abyss:2  | Noticed a ynoxinul
   173 | D:1      | Escaped the Abyss
   482 | D:1      | Reached * piety under Lugonu
   582 | D:1      | Reached XP level 2. HP: 25/27 MP: 3/3
   619 | D:1      | Reached skill level 4 in Fighting
   802 | D:1      | Reached XP level 3. HP: 30/33 MP: 4/4
  1141 | D:2      | Found a shimmering altar of Xom.
  1145 | D:2      | Found an oddly glowing altar of Pakellas.
  1145 | D:2      | Found an iron altar of Okawaru.
  1145 | D:2      | Found a sacrificial altar of Ru.
  1504 | D:2      | Reached ** piety under Lugonu
  1881 | D:2      | Reached XP level 4. HP: 35/41 MP: 5/5
  1951 | D:2      | Found a glowing silver altar of Zin.
  1952 | D:2      | Found an opulent altar of Gozag.
  2598 | D:3      | Reached skill level 5 in Fighting
  3044 | D:4      | Found a stormy altar of Qazlal.
  3065 | D:4      | Found a radiant altar of Vehumet.
  3115 | D:4      | Reached XP level 5. HP: 38/48 MP: 6/6
  3741 | D:4      | Reached skill level 6 in Fighting
  3741 | D:4      | Reached skill level 5 in Axes
  3983 | D:4      | Noticed Menkaure
  3998 | D:5      | Entered Level 5 of the Dungeon
  4221 | D:4      | Slain by a centaur skeleton

Skill      XL: |  1  2  3  4  5 |
---------------+----------------+-----
Axes           | 3 4 5 |  5.2
Fighting       | 4 5 6 |  6.0
Armour         | |  2.1
Dodging        | |  0.7
Invocations    | |  2.5

Action                   |  1- 3 |  4- 6 || total
-------------------------+-------+-------++-------
Melee: Hand axe          |   144 |       ||   144
       War axe           |     2 |   124 ||   126
Invok: Depart the Abyss  |     1 |       ||     1
       Bend Space        |       |     1 ||     1
  Eat: Chunk             |     3 |     5 ||     8
       Pizza             |       |     1 ||     1
Armor: Leather armour    |    52 |    48 ||   100
Dodge: Dodged            |    86 |    72 ||   158
